Map: Deathaura LE

Players

Zaechus - Winner!

  • Race: Terran Terran
  • League: Diamond
  • Spawn Location: 5:00

Slinks

  • Race: Protoss Protoss
  • League: Diamond
  • Spawn Location: 11:00

VOD

Have the link to the VOD?

Description

Time

  • Played on: Aug. 4, 2020, 3:06 p.m.
  • Length: 4:53
Show
View Real Time Build Order
Export as new Build Order

Zaechus Terran - Winner!

Build Orders:  

Get SALT Encoding   

  12  0:00  SCV  
  13  0:12  SCV  
  14  0:16  Supply Depot  
  14  0:30  SCV  
  15  0:41  Barracks  
  16  0:42  SCV  
  16  0:45  Refinery  
  16  0:54  SCV  
  17  1:03  Barracks  
  17  1:24  SCV  
  18  1:40  Orbital Command  
  18  1:41  Marine  
  18  1:43  Supply Depot  
  19  1:51  Barracks Tech Lab  
  19  1:53  Barracks  
  19  2:00  Barracks Tech Lab  
  19  2:06  SCV  
  20  2:12  Marauder  
  22  2:19  SCV  
  22  2:21  Marauder  
  25  2:23  Concussive Shells  
  25  2:33  Marauder  
  27  2:40  Barracks Tech Lab  
  29  2:51  Marauder  
  29  2:57  Supply Depot  
  29  3:04  Marauder  
  30  3:17  Marauder x2  
  34  3:40  Marauder x2  
  36  3:49  Marauder  
  37  4:01  Marauder  
  39  4:10  Marauder  
  37  4:17  Marauder  
Show
View Real Time Build Order
Export as new Build Order

Slinks Protoss 

Build Orders: 1 Gate Expand 

Get SALT Encoding   

  12  0:00  Probe  
  13  0:12  Probe  
  14  0:19  Pylon  
  14  0:24  Probe  
  15  0:37  Probe  
  15  0:42  Gateway  
  16  0:49  Probe  
  17  0:54  Assimilator  
  17  1:01  Probe  
  18  1:13  Probe  
  19  1:25  Probe  
  19  1:36  Cybernetics Core  
  19  1:37  Probe  
  20  1:44  Nexus  
  20  1:49  Probe  
  20  1:53  Assimilator  
  21  1:58  Pylon  
  21  2:12  Probe  
  21  2:14  Adept (Chrono Boost)  
  22  2:16  Warp Gate  
  24  2:24  Probe  
  25  2:35  Stalker (Chrono Boost)  
  25  2:36  Probe  
  26  2:40  Twilight Council  
  28  2:48  Probe  
  29  3:01  Probe  
  30  3:10  Robotics Facility  
  30  3:12  Probe  
  31  3:13  Probe  
  32  3:20  Stalker (Chrono Boost)  
  32  3:24  Probe  
  32  3:25  Probe  
  35  3:43  Stalker (Chrono Boost)  
  35  3:45  Shield Battery  
  35  3:47  Gateway  
  33  4:07  Gateway  
  25  4:34  Pylon  
  25  4:35  Pylon  
Tags
 
Add a new tag
Caveats
  • Supply blocks, unpowered buildings, or Contaminate may cause inaccurate times.
  • Supply counts are checked every 10 seconds.